 Dungeon Crawl Stone Soup version 0.30-a0-782-ge64f9170bb (webtiles) character file.

Game seed: 18388156588872997142

30580 Crownlay the Brawler (level 13, -4/117 (131) HPs)
             Began as a Troll Fighter on Feb 28, 2023.
             Was a High Priest of Wu Jian.
             Slain by a pharaoh ant (32 damage)
             ... on level 3 of the Lair of Beasts.
             The game lasted 00:32:49 (9877 turns).

Crownlay the Brawler (Troll Fighter)                Turns: 9877, Time: 00:32:49

HP:   -4/117 (131)  AC: 20    Str: 30    XL:     13   Next: 21%
MP:   12/12         EV:  8    Int: 12    God:    Wu Jian [*****.]
Gold: 1251          SH: 23    Dex:  4    Spells: 12/12 levels left

rFire   + + .      SeeInvis .      - Unarmed
rCold   . . .      Faith    +    J - +10 tower shield of Ignorance {rN+ Int-4}
rNeg    + . .      Spirit   .    I - +2 robe {rF+}
rPois   .          Reflect  .    a - +1 hat of the Spheres {+Inv Int+5 Dex-5 Slay+2}
rElec   .          Harm     .    u - +0 cloak
rCorr   .          Rampage  .    (gloves unavailable)
Will    .....                    (boots unavailable)
Stlth   +                        t - amulet "Wuedghei" {Faith rF+}
HPRegen 1.19/turn                C - ring of Syew {AC+4 Str+3 Int+3}
MPRegen 0.13/turn                R - ring of the Tortoise {AC+8}

@: heavily drained
A: large, unfitting armour, claws 3, regeneration 1, shaggy fur 1, tough skin 1
a: Renounce Religion, Evoke Invisibility, Wall Jump, Serpent's Lash, Heavenly
Storm


You were on level 3 of the Lair of Beasts.
You worshipped Wu Jian.
Wu Jian was extremely pleased with you.
You visited 3 branches of the dungeon, and saw 15 of its levels.
You visited the Abyss 1 time.
You also visited: Ossuary and Gauntlet.

You collected 1426 gold pieces.
You spent 175 gold pieces at shops.

Inventory:

Hand Weapons
 P - a +0 short sword
Missiles
 q - a throwing net (quivered)
Armour
 a - the +1 hat of the Spheres (worn) {+Inv Int+5 Dex-5 Slay+2}
   (You acquired it on level 5 of the Dungeon)

   Int:       It affects your intelligence (+5).
   Dex:       It affects your dexterity (-5).
   Slay:      It affects your accuracy & damage with ranged weapons and melee
   (+2).
   +Inv:      It lets you turn invisible.
 u - a +0 cloak (worn)
 I - a +2 robe of fire resistance (worn)
 J - the +10 tower shield of Ignorance (worn) {rN+ Int-4}
   (You acquired it on level 5 of the Dungeon)

   Int:       It affects your intelligence (-4).
   rN:        It protects you from negative energy.
 K - +0 swamp dragon scales
Magical Staves
 T - a staff of earth
Jewellery
 h - a +6 ring of intelligence
 l - a +6 ring of strength
 t - the amulet "Wuedghei" (around neck) {Faith rF+}
   (You found it on level 4 of the Dungeon)

   [amulet of faith]

   It allows you to gain divine favour quickly.
   rF:        It protects you from fire.
 B - a ring of see invisible
 C - the ring of Syew (left claw) {AC+4 Str+3 Int+3}
   (You acquired it on level 5 of the Dungeon)

   [ring of protection]

   AC:        It affects your AC (+4).
   Str:       It affects your strength (+3).
   Int:       It affects your intelligence (+3).
 R - the ring of the Tortoise (right claw) {AC+8}
   (You found it in a Gauntlet)

   [ring of protection]

   AC:        It affects your AC (+8).
 S - an amulet of reflection
 V - an amulet of the acrobat
Wands
 z - a wand of flame (50)
 A - a wand of roots (5)
 L - a wand of charming (9)
 O - a wand of mindburst (5)
Scrolls
 g - 4 scrolls of enchant armour {unknown}
 j - 7 scrolls of fear
 k - 8 scrolls of teleportation
 m - 5 scrolls of poison
 n - 3 scrolls of butterflies {unknown}
 r - 2 scrolls of magic mapping {unknown}
 s - 3 scrolls of enchant weapon {unknown}
 v - 2 scrolls of immolation
 w - 5 scrolls of vulnerability
 y - 4 scrolls of torment
 E - a scroll of silence {unknown}
 G - 2 scrolls of noise {unknown}
 H - 2 scrolls of fog {unknown}
 M - 2 scrolls of amnesia
 N - 4 scrolls of blinking
Potions
 b - a potion of flight
 c - 4 potions of might
 d - 2 potions of cancellation {unknown}
 e - 7 potions of heal wounds
 f - 3 potions of attraction {unknown}
 i - 3 potions of invisibility
 o - 4 potions of curing
 p - 3 potions of lignification
 x - 3 potions of ambrosia {unknown}
 D - 4 potions of berserk rage {unknown}
 F - 2 potions of brilliance {unknown}
 Q - a potion of mutation
 U - a potion of resistance


   Skills:
 + Level 9.4 Fighting
 + Level 7.7 Dodging
 + Level 10.2 Shields
 * Level 15.0 Unarmed Combat


You had 12 spell levels left.
You didn't know any spells.
Your spell library contained the following spells:

 Spells                   Type           Power      Damage    Failure   Level
 Apportation              Tloc           0%         N/A       78%         1
 Necrotise                Necr           0%         1d4       78%         1
 Sandblast                Erth           0%         2d4       78%         1
 Shock                    Conj/Air       0%         1d3       78%         1
 Summon Small Mammal      Summ           0%         N/A       78%         1
 Cigotuvi's Dreadful Rot  Necr/Pois/Air  0%         N/A       89%         2
 Passwall                 Tmut/Erth      0%         N/A       89%         2
 Poisonous Vapours        Pois/Air       0%         N/A       89%         2
 Static Discharge         Conj/Air       0%         2-2/arc   89%         2
 Call Canine Familiar     Summ           0%         N/A       98%         3
 Mephitic Cloud           Conj/Pois/Air  0%         N/A       98%         3
 Portal Projectile        Hex/Tloc       0%         N/A       98%         3
 Stone Arrow              Conj/Erth      0%         3d7       98%         3
 Swiftness                Air            0%         N/A       98%         3
 Tukima's Dance           Hex            0%         N/A       98%         3
 Vhi's Electric Charge    Tloc/Air       0%         N/A       98%         3
 Airstrike                Air            0%         2d(0-16)  100%        4
 Leda's Liquefaction      Hex/Erth       0%         N/A       100%        4
 Summon Lightning Spire   Summ/Air       0%         N/A       100%        4
 Alistair's Intoxication  Tmut/Pois      0%         N/A       100%        5
 Arcjolt                  Conj/Air       0%         1d10      100%        5
 Blade Hands              Tmut           0%         N/A       100%        5
 Borgnjor's Vile Clutch   Necr/Erth      0%         N/A       100%        5
 Lightning Bolt           Conj/Air       0%         1d11      100%        5
 Eringya's Noxious Bog    Tmut/Pois      0%         N/A       100%        6


Dungeon Overview and Level Annotations

Branches:
Dungeon (11/15)            Temple (1/1) D:5            Lair (3/5) D:8
    Orc (0/2) D:10        Ossuary (visited)         Gauntlet (visited)
  Swamp: Lair:2-3    Shoals: Lair:2-3     Snake: Lair:2-3    Spider: Lair:2-3

Altars:
Ashenzari
Dithmenos
Elyvilon
Fedhas
Gozag
Hepliaklqana
Kikubaaqudgha
Makhleb
Nemelex Xobeh
Okawaru
Qazlal
Ru
Sif Muna
Uskayaw
Wu Jian
Xom
Yredelemnul
Zin
The Shining One

Shops:
D:1 [[   D:2 [   D:7 (?:   D:8 (

Annotations:
D:4 3 runed translucent doors, funkygono's ghost, novice GrFE


Innate Abilities, Weirdness & Mutations

You are too large for most types of armour.
You have claws for hands.
Your natural rate of healing is unusually fast.
You are covered in fur. (AC +1)
You have tough skin. (AC +1)


Message History

The polar bear barely misses you.
The tarantella attacks as you move away!
The tarantella touches you but does no damage.
The pharaoh ant bites you. You partially resist.
You feel drained. The pharaoh ant bites you!!
The pharaoh ant attacks as you move away!
The pharaoh ant bites you but does no damage.
The tarantella closely misses you.
You are too confused!
You are too confused!
You are too confused!
You are too confused!
You bump into the rock wall.
The pharaoh ant barely misses you. The tarantella touches you!
The pharaoh ant bites you!
You barely miss the polar bear. The tarantella closely misses you.
The polar bear bites you but does no damage.
The polar bear claws you but does no damage.
The polar bear barely misses you. The pharaoh ant misses you.
The tarantella touches you but does no damage.
You're too confused to move!
The tarantella touches you but does no damage.
The pharaoh ant bites you!!
* * * LOW HITPOINT WARNING * * *
You partially resist.
You feel drained.
* * * LOW HITPOINT WARNING * * *
The polar bear completely misses you.
The polar bear claws you but does no damage.
The polar bear barely misses you.
You feel much better. The tarantella touches you. The pharaoh ant bites you!!
You partially resist.
You feel drained. The polar bear completely misses you.
The polar bear claws you but does no damage. x2
The tarantella touches you.
* * * LOW HITPOINT WARNING * * *
The pharaoh ant bites you!
* * * LOW HITPOINT WARNING * * *
You partially resist.
You feel drained.
* * * LOW HITPOINT WARNING * * *
You feel better. The tarantella misses you.
You block the polar bear's attack. x3
The pharaoh ant bites you!!
You die...

#.....####.##. ##.##.... ##.#...#
## #####... ##..#..## ##..
##...##..# ### ##....###... #
#....## #... ## .....# ..[# #.
.†.#.# <.## ### #### ##. ..#.##
###@#####..### ##P. ..### #
#.Bsh.#.....P## #... ..# .
#.#..l..........# ##.. .#.....
....#.........[....####..
....(...............P###.....###P
..###.###.#...###...## #P...## ##
...# .#...#.. #....# #..<#.## #
...# #[..#.. #..P..# ####...# #
..... ... ......P..... ##...# #


You could see a polar bear, a komodo dragon, a pharaoh ant and a tarantella.

Vanquished Creatures
  2 tentacled starspawn (Abyss:2)
  A cacodemon (Abyss:2)
  A minotaur (Gauntlet)
  A hydra (Lair:1)
  3 two-headed ogres
  A thrashing horror (Gauntlet)
  A sixfirhy (Gauntlet)
  3 large abominations (Abyss:2)
  A glowing orange brain (Abyss:2)
  A wizard (Gauntlet)
  Pikel (D:5)
  A manticore (D:9)
  3 elephants (Lair:3)
  2 black mambas (Lair:1)
  Maurice (D:11)
  4 komodo dragons
  Maggie (D:6)
  4 cane toads
  An orange demon (Abyss:2)
  An ancient zyme (Abyss:2)
  A troll (D:9)
  3 hornets
  4 blink frogs (Lair:1)
  A polar bear (Lair:2)
  Sigmund (D:2)
  A shadow (D:8)
  38 yaks
  4 wyverns
  2 wraiths
  4 starcursed masses (Abyss:2)
  A steam dragon (D:8)
  2 acid dragons
  13 water moccasins
  A sky beast (D:8)
  5 orc warriors (D:9)
  2 ice beasts
  3 black bears
  An ogre (D:4)
  3 wolves (Lair:1)
  2 centaurs (D:9)
  A lemure (D:5)
  2 small abominations (Gauntlet)
  2 kobold brigands
  10 bullfrogs
  2 necrophages
  A gnoll sergeant (D:10)
  15 scorpions
  2 wights (D:9)
  6 killer bees (D:9)
  A howler monkey (D:9)
  An electric eel (Lair:2)
  4 centaur zombies (Ossuary)
  6 hounds
  A quasit (Abyss:2)
  6 human zombies (Ossuary)
  2 jellies
  4 orc priests
  A gnoll bouda (D:7)
  3 iguanas
  13 orc wizards
  3 scorpion zombies (Ossuary)
  3 mummies (Ossuary)
  12 gnolls
  9 adders
  4 shadow imps
  3 white imps
  4 ufetubi
  3 worms
  2 dart slugs
  23 orcs
  5 ball pythons
  10 endoplasms
  A giant cockroach (D:3)
  A gnoll zombie (Ossuary)
  2 goblins
  4 hobgoblins
  6 jackals
  8 quokkas
  6 bats
  3 frilled lizards
  2 goblin zombies (Ossuary)
  12 kobolds
  2 orc zombies (Ossuary)
  A rat (D:1)
  A butterfly (Lair:2)
339 creatures vanquished.

Vanquished Creatures (others)
  An orc wizard (D:8)
  17 fungi
  21 plants
  3 starspawn tentacles (Abyss:2)
42 creatures vanquished.

Grand Total: 381 creatures vanquished

Notes
Turn   | Place    | Note
-------+----------+-------------------------------------------
     0 | D:1      | Crownlay the Troll Fighter began the quest for the Orb.
     0 | D:1      | Reached XP level 1. HP: 22/22 MP: 0/0
    49 | D:1      | Found Hijirghi's Antique Armour Emporium.
    71 | D:1      | Found Vodwiggi's Antique Armour Shoppe.
    82 | D:1      | Reached XP level 2. HP: 25/29 MP: 1/1
   235 | D:1      | Reached XP level 3. HP: 36/36 MP: 2/2
   337 | D:1      | Reached skill level 3 in Unarmed Combat
   630 | D:2      | Noticed Sigmund
   852 | D:2      | Found Lycsoane's Armour Shoppe.
   860 | D:2      | Reached XP level 4. HP: 44/44 MP: 3/3
   920 | D:2      | Killed Sigmund
   921 | D:2      | Reached skill level 4 in Unarmed Combat
   921 | D:2      | Reached XP level 5. HP: 34/53 MP: 4/4
  1210 | D:3      | Found a burning altar of Makhleb.
  1320 | D:3      | Reached XP level 6. HP: 25/60 MP: 5/5
  1711 | D:4      | Reached skill level 5 in Unarmed Combat
  1805 | D:4      | Found a runed translucent gate.
  1805 | D:4      | Noticed funkygono's ghost (novice GrFE)
  1806 | D:4      | Found a runed translucent gate.
  1807 | D:4      | Found a runed translucent gate.
  1812 | D:4      | Identified the +0 robe of Keriuxu {Str+2}
  1912 | D:4      | Identified the +1 chain mail of the Hanged Man {Regen+}
  1931 | D:4      | Identified the amulet "Wuedghei" {Faith rF+}
  1980 | D:4      | Reached XP level 7. HP: 44/70 MP: 6/6
  2223 | D:5      | Entered Level 5 of the Dungeon
  2262 | D:5      | Found a staircase to the Ecumenical Temple.
  2281 | Temple   | Entered the Ecumenical Temple
  2292 | Temple   | Became a worshipper of the Wu Jian Council
  2320 | D:5      | Noticed Pikel
  2332 | D:5      | Killed Pikel
  2333 | D:5      | Reached skill level 6 in Unarmed Combat
  2333 | D:5      | Reached XP level 8. HP: 19/79 MP: 7/7
  2344 | D:5      | Reached skill level 5 in Shields
  2418 | D:5      | Reached skill level 7 in Unarmed Combat
  2716 | D:5      | Found a sand-covered staircase.
  2723 | Ossuary  | Entered an ossuary
  2739 | Ossuary  | Reached skill level 5 in Fighting
  2772 | Ossuary  | Reached skill level 8 in Unarmed Combat
  2777 | Ossuary  | Reached * piety under Wu Jian
  2928 | Ossuary  | Reached XP level 9. HP: 88/88 MP: 8/8
  3029 | Ossuary  | Reached skill level 9 in Unarmed Combat
  3034 | Ossuary  | Reached ** piety under Wu Jian
  3286 | D:5      | Identified the +8 falchion "Omelette" {flame, SInv}
  3406 | D:5      | Identified 3 scrolls of acquirement
  3408 | D:5      | Acquired the +1 hat of the Spheres {+Inv Int+5 Dex-5
                  | Slay+2}
  3415 | D:5      | Acquired the +10 tower shield of Ignorance {rN+ Int-4}
  3415 | D:5      | Found the +10 tower shield of Ignorance {rN+ Int-4}
  3417 | D:5      | Acquired the ring of Syew {AC+4 Str+3 Int+3}
  3709 | D:6      | Noticed Maggie
  3719 | D:6      | Killed Maggie
  4167 | D:6      | Reached skill level 10 in Unarmed Combat
  4415 | D:7      | Found Notouts's Antique Weapon Shop.
  4440 | D:7      | Found Lanoobul's Book Emporium.
  4555 | D:7      | Found Raukk's Magic Scroll Boutique.
  4559 | D:7      | Bought a scroll of torment for 123 gold pieces
  4559 | D:7      | Bought a scroll of amnesia for 52 gold pieces
  4708 | D:7      | Reached XP level 10. HP: 87/100 MP: 9/9
  4897 | D:8      | Reached *** piety under Wu Jian
  4939 | D:8      | Found Koekit's Weapon Shoppe.
  5001 | D:8      | Reached skill level 11 in Unarmed Combat
  5041 | D:8      | Found a staircase to the Lair.
  5294 | D:8      | Found a shimmering blue altar of Sif Muna.
  5518 | D:9      | Noticed a two-headed ogre
  5526 | D:9      | Killed a two-headed ogre
  5596 | D:9      | Found a sparkling altar of Nemelex Xobeh.
  5629 | D:9      | Reached **** piety under Wu Jian
  5819 | D:9      | Noticed a manticore
  5826 | D:9      | Killed a manticore
  5827 | D:9      | Reached skill level 5 in Dodging
  5827 | D:9      | Reached XP level 11. HP: 87/109 MP: 10/10
  5847 | D:9      | Found an ancient bone altar of Kikubaaqudgha.
  6078 | D:9      | Noticed a two-headed ogre
  6196 | D:8      | Reached skill level 12 in Unarmed Combat
  6199 | D:8      | HP: 5/109 [two-headed ogre/+0 giant club (19)]
  6201 | D:8      | Killed a two-headed ogre
  6436 | D:10     | Entered Level 10 of the Dungeon
  6440 | D:9      | Reached ***** piety under Wu Jian
  6590 | D:10     | Found a stormy altar of Qazlal.
  6698 | D:10     | Noticed a two-headed ogre
  6705 | D:10     | Killed a two-headed ogre
  6845 | D:10     | Found a staircase to the Orcish Mines.
  6931 | D:10     | Found a glowing silver altar of Zin.
  6931 | D:10     | Noticed an angel
  7001 | D:11     | Noticed Maurice
  7005 | D:11     | Killed Maurice
  7186 | Lair:1   | Entered Level 1 of the Lair of Beasts
  7190 | Lair:1   | Found a gate leading to a gauntlet.
  7206 | Lair:1   | Reached skill level 13 in Unarmed Combat
  7207 | Gauntlet | Entered a Gauntlet
  7207 | Gauntlet | Found a transporter.
  7211 | Gauntlet | Noticed a wizard
  7217 | Gauntlet | Found a transporter.
  7223 | Gauntlet | Noticed a wizard
  7228 | Gauntlet | Found a transporter.
  7231 | Gauntlet | Found a transporter.
  7234 | Gauntlet | Noticed an anaconda
  7235 | Gauntlet | an anaconda changed into a boulder beetle
  7235 | Gauntlet | Noticed a boulder beetle (glowing shapeshifter)
  7237 | Gauntlet | a boulder beetle changed into an alligator
  7237 | Gauntlet | Noticed an alligator (glowing shapeshifter)
  7238 | Gauntlet | an alligator changed into an ice dragon
  7238 | Gauntlet | Noticed an ice dragon (glowing shapeshifter)
  7239 | Gauntlet | an ice dragon changed into a wolf spider
  7239 | Gauntlet | Noticed a wolf spider (glowing shapeshifter)
  7242 | Gauntlet | Found a transporter.
  7245 | Gauntlet | a queen bee changed into an entropy weaver
  7245 | Gauntlet | Noticed an entropy weaver (shapeshifter)
  7249 | Gauntlet | a wolf spider changed into a sea snake
  7249 | Gauntlet | Noticed a sea snake (glowing shapeshifter)
  7251 | Gauntlet | an entropy weaver changed into a spriggan
  7251 | Gauntlet | a sea snake changed into a dream sheep
  7256 | Gauntlet | Noticed a glowing orange brain
  7257 | Gauntlet | Noticed a cyan ugly thing
  7258 | Gauntlet | Found a transporter.
  7259 | Gauntlet | Noticed a glowing orange brain
  7260 | Gauntlet | Noticed a purple ugly thing
  7269 | Gauntlet | Found a transporter.
  7276 | Gauntlet | Noticed a thrashing horror
  7282 | Gauntlet | Found a transporter.
  7296 | Gauntlet | Found a transporter.
  7306 | Gauntlet | Noticed a sixfirhy
  7311 | Gauntlet | Found a transporter.
  7311 | Gauntlet | Found a transporter.
  7352 | Gauntlet | Noticed a catoblepas
  7354 | Gauntlet | Found a transporter.
  7369 | Gauntlet | Found a transporter.
  7375 | Gauntlet | Found the ring of the Tortoise {AC+8}
  7381 | Gauntlet | Found a transporter.
  7465 | Abyss:2  | Cast into level 2 of the Abyss (a wizard)
  7489 | Abyss:2  | Noticed a cacodemon
  7497 | Abyss:2  | Killed a cacodemon
  7514 | Abyss:2  | Noticed a large abomination
  7524 | Abyss:2  | Killed a large abomination
  7525 | Abyss:2  | Reached XP level 12. HP: 44/120 MP: 11/11
  7545 | Abyss:2  | Noticed a tentacled starspawn
  7550 | Abyss:2  | Noticed a starcursed mass
  7563 | Abyss:2  | Killed a tentacled starspawn
  7599 | Abyss:2  | Noticed a tentacled starspawn
  7609 | Abyss:2  | Killed a tentacled starspawn
  7612 | Abyss:2  | Noticed a starcursed mass
  7616 | Gauntlet | Escaped the Abyss
  7805 | Gauntlet | Reached skill level 14 in Unarmed Combat
  7853 | Gauntlet | Noticed a minotaur
  7876 | Gauntlet | Killed a minotaur
  7880 | Gauntlet | Identified the +3 long sword "Heuwed Wago" {flame, Dex+3}
  7880 | Gauntlet | Identified the +0 scale mail of Lachrymose Music {rN+
                  | Dex+3}
  8445 | Lair:1   | Noticed an eight-headed hydra
  8451 | Lair:1   | Killed a 12-headed hydra
  8878 | Lair:2   | Reached skill level 10 in Shields
  8884 | Lair:2   | Reached XP level 13. HP: 95/131 MP: 12/12
  9757 | Lair:3   | Reached skill level 15 in Unarmed Combat
  9877 | Lair:3   | Slain by a pharaoh ant

Illustrated notes

Levels and vault maps discovered:
D:1:      minmay_arrival_shoal_huts, layout_loops_ring, serial_shops, shop, shop
D:2:      layout_loops_ring, serial_shops,
          nicolae_shop_temple_entry_statues_fountains, kennysheep_crisscross,
          uniq_sigmund
D:3:      layout_rooms, amcnicky_altar_gilded
D:4:      layout_basic, biasface_ghost_orc_armoury
D:5:      layout_loops_cross, minmay_temple_entry_junction,
          nicolae_ossuary_entry_monument, minmay_crystal_room,
          kennysheep_generic_room_7, uniq_pikel
D:6:      layout_basic, uniq_maggie
D:7:      layout_cave_pools, serial_shops, nicolae_inconvenience_store,
          nicolae_shop_behind_doors, shop, minivault_10
D:8:      layout_rooms, nicolae_sif_muna_little_library,
          due_lair_maze_entry_diamond, serial_shops, shop
D:9:      minmay_polygon_palace, layout_rooms, mainiacjoe_overflow_alcove_2,
          mainiacjoe_overflow_catwalk
D:10:     layout_roguey, zin_angel, nicolae_qazlal_style_of_elements,
          orc_0_dummy
D:11:     layout_loops_corners, uniq_maurice, uniq_lodul
Temple:   nicolae_temple_x_marks_the_god
Lair:1:   cheibrodos_lair_river_kwai, layout_chaotic_city,
          gauntlet_entry_generic, serial_bayou_pond_e
Lair:2:   layout_concentric_octagons, grunt_megastairs_4, lemuel_fruit_fields,
          lemuel_fruit_tree, infiniplex_staircase_pool, serial_bayou_shore_a
Lair:3:   layout_concentric_octagons, minmay_shoals_entry_hut,
          nicolae_spider_entry_lesser_pyramids

Skill      XL: |  1  2  3  4  5  6  7  8  9 10 11 12 13 |
---------------+----------------------------------------+-----
Shields        | 3 4 5 7 8 9 10 | 10.2
Unarmed Combat | 3 4 5 6 8 10 11 13 14 15 | 15.0
Fighting       | 3 4 5 6 7 8 9 |  9.4
Dodging        | 3 5 6 7 |  7.7

Action                     |  1- 3 |  4- 6 |  7- 9 | 10-12 | 13-15 || total
---------------------------+-------+-------+-------+-------+-------++-------
  Melee: Unarmed           |    90 |   135 |   252 |   598 |    72 ||  1147
  Throw: Throwing net      |       |       |       |     2 |       ||     2
 Invoke: Serpent's Lash    |       |       |       |     2 |       ||     2
Ability: Lunge             |       |       |    16 |    23 |     5 ||    44
         Whirlwind         |       |       |     2 |     8 |     1 ||    11
  Evoke: Wand              |       |       |       |       |     2 ||     2
    Use: Scroll            |       |     2 |     8 |     5 |     3 ||    18
         Potion            |       |       |       |     1 |     2 ||     3
   Stab: Sleeping          |     1 |       |       |       |       ||     1
 Armour: Robe              |    39 |    31 |    64 |   191 |    42 ||   367
  Dodge: Dodged            |    36 |    29 |    58 |    92 |    19 ||   234
  Block: Kite shield       |    39 |    38 |    75 |       |       ||   152
         Tower shield      |       |       |    89 |   616 |    79 ||   784

Table legend: (Time is in decaauts)
 A = Elapsed time spent in this place.
 B = Non-inter-level travel time spent in this place.
 C = Inter-level travel time spent in this place.
 D = Time resting spent in this place.
 E = Time spent auto-exploring this place.
 F = Levels seen in this place.
 G = Mean time per level.
                   A        B        C        D        E       F      G
               +--------+--------+--------+--------+--------+-----+--------+
         Total |   9878 |   9460 |    418 |     70 |   6567 |  18 |  548.8 |
       Dungeon |   6717 |   6333 |    384 |      0 |   4380 |  11 |  610.6 |
        Temple |     21 |     21 |      0 |      0 |      0 |   1 |   21.0 |
          Lair |   1870 |   1836 |     34 |      0 |   1525 |   3 |  623.3 |
         Abyss |    148 |    148 |      0 |      0 |      0 |   1 |  148.0 |
       Ossuary |    466 |    466 |      0 |      0 |    281 |   1 |  466.0 |
      Gauntlet |    654 |    654 |      0 |     70 |    381 |   1 |  654.0 |
               +--------+--------+--------+--------+--------+-----+--------+

Top non-repeatable levels by time:
     D:9: 976 daAuts
     D:6: 889 daAuts
  Lair:1: 857 daAuts
  Lair:2: 790 daAuts
     D:5: 725 daAuts
     D:8: 719 daAuts
Gauntlet: 654 daAuts
     D:1: 635 daAuts
     D:2: 583 daAuts
     D:7: 567 daAuts
     D:4: 521 daAuts
     D:3: 494 daAuts
    D:10: 490 daAuts
 Ossuary: 466 daAuts
  Lair:3: 222 daAuts
